 Dungeon Crawl Stone Soup version 0.24-b1 (webtiles) character file.

Game seed: 2834898948659830038, levelgen mode: deterministic

125 MordorOrchid the Shield-Bearer (level 5, -9/36 HPs)
             Began as an Octopode Fighter on Oct 13, 2019.
             Was an Initiate of Gozag.
             Mangled by an ice beast (12 damage)
             ... on level 2 of the Dungeon.
             The game lasted 00:06:35 (1720 turns).

MordorOrchid the Shield-Bearer (Octopode Fighter)   Turns: 1720, Time: 00:06:37

Health: -9/36      AC:  1    Str: 20    XL:     5   Next: 9%
Magic:  5/5        EV: 11    Int: 12    God:    Gozag
Gold:   203        SH:  9    Dex: 11    Spells: 4/4 levels left

rFire    . . .     SeeInvis .   a - +0 long sword
rCold    . . .     Gourm    .   b - +0 shield
rNeg     . . .     Faith    .   (helmet restricted)
rPois    .         Spirit   .   (no amulet)
rElec    .         Reflect  .   (no ring)
rCorr    .         Harm     .   (no ring)
MR       .....                  (no ring)
Stlth    +++.......             (no ring)
HPRegen  0.12/turn              (no ring)
MPRegen  0.09/turn              (no ring)
                                (no ring)
                                (no ring)

@: mighty
A: almost no armour, stealthy swim, amphibious, 8 rings, constrict 8, camouflage
1, gelatinous body 1
a: Potion Petition, Call Merchant, Bribe Branch, Renounce Religion


You were on level 2 of the Dungeon.
You worshipped Gozag.
Gozag was aware of your devotion.
You were not hungry.

You visited 1 branch of the dungeon, and saw 3 of its levels.

You collected 244 gold pieces.
You paid 41 gold pieces to Gozag.

Inventory:

Hand Weapons
 a - a +0 long sword (weapon)
 j - a +0 hunting sling
Missiles
 f - 13 arrows
 l - 123 stones (quivered)
 m - 20 sling bullets
Armour
 b - a +0 shield (worn)
Scrolls
 e - a scroll of teleportation {unknown}
 g - a scroll of fog {unknown}
 h - 5 scrolls of identify {unknown}
 i - a scroll of enchant weapon {unknown}
 k - 3 scrolls of noise {unknown}
 r - a scroll of enchant armour {unknown}
Potions
 n - a potion of invisibility {unknown}
 o - a potion of curing
 p - 2 potions of degeneration {unknown}
 q - a potion of magic {unknown}
Comestibles
 d - a ration


   Skills:
 - Level 3.0 Fighting
 * Level 3.8 Long Blades
 - Level 3.0 Dodging
 - Level 3.1 Stealth
 + Level 3.8 Shields


You had 4 spell levels left.
You didn't know any spells.
Your spell library was empty.

Dungeon Overview and Level Annotations

Branches:
Dungeon (3/15)

Altars:
Elyvilon
Gozag

Shops:
D:2 *


Innate Abilities, Weirdness & Mutations

You cannot wear most types of armour.
You are very stealthy in the water. (Stealth+)
You are amphibious.
You can wear up to eight rings at the same time.
You can use your tentacles to constrict eight enemies at once.
Your skin changes colour to match your surroundings (Stealth+).
Your rubbery body absorbs attacks. (AC +1, EV +1)


Message History

The stone misses you.
The stone completely misses the ice beast.
The goblin shoots a stone.
You block the stone.
There is a stone staircase leading up here.
Things that are here:
7 gold pieces; a stone; a +0 club You block the ice beast's attack.
You climb upwards.
You feel sick.
You are no longer poisoned.
There is a stone staircase leading down here.
You feel very mighty all of a sudden. The ice beast hits you.
The ice beast freezes you.
* * * LOW HITPOINT WARNING * * *
You slash the ice beast!
The ice beast is moderately wounded.
You block the ice beast's attack. The ice beast hits you.
* * * LOW HITPOINT WARNING * * *
The ice beast freezes you!
You die...
Your body crumbles into a pile of gold.

#### ...## ....##
.....## ......#
......##############
#######..).....Y@..#
.###..##.##.######.#
#.##.###.##.# #.#
.##.##...##.# #.#
##.##.#####.# #.#
..#...# #.# #.#
#######
###.######.#### #..#
#)............# #..#
#.#.######.##.#


You could see an ice beast.

Vanquished Creatures
  4 gnolls (D:2)
  5 adders
  A worm (D:2)
  2 dart slugs (D:1)
  2 giant cockroaches
  6 goblins
  6 hobgoblins
  2 jackals (D:1)
  2 kobolds
  A quokka (D:2)
  A bat (D:1)
  5 rats
37 creatures vanquished.

Notes
Turn   | Place    | Note
-------+----------+-------------------------------------------
     0 | D:1      | MordorOrchid the Octopode Fighter began the quest for the
                  | Orb.
     0 | D:1      | Reached XP level 1. HP: 16/16 MP: 1/1
    38 | D:1      | Reached skill level 1 in Stealth
    74 | D:1      | Reached XP level 2. HP: 20/21 MP: 2/2
   606 | D:2      | Found Gozag's Platinum Reserve.
   609 | D:2      | Found an opulent altar of Gozag.
   654 | D:2      | Reached XP level 3. HP: 22/26 MP: 3/3
   678 | D:2      | Became a worshipper of Gozag Ym Sagoz the Greedy
   896 | D:2      | Found a white marble altar of Elyvilon.
  1062 | D:2      | Reached XP level 4. HP: 3/31 MP: 4/4
  1438 | D:2      | Found a faded altar of an unknown god.
  1693 | D:3      | Reached XP level 5. HP: 34/36 MP: 5/5
  1698 | D:3      | Noticed an ice beast
  1720 | D:2      | Mangled by an ice beast

Skill      XL: |  1  2  3  4 |
---------------+-------------+-----
Stealth        | 1 2 3 |  3.1
Long Blades    | 3 |  3.8
Fighting       | |  3.0
Dodging        | |  3.0
Shields        | |  3.8

Action                   |  1- 3 |  4- 6 || total
-------------------------+-------+-------++-------
Melee: Long sword        |    38 |    24 ||    62
       Constrict         |    14 |     6 ||    20
       Tentacles         |     4 |     4 ||     8
 Fire: Hunting sling     |     8 |    41 ||    49
  Use: Potion            |     1 |     1 ||     2
 Stab: Sleeping          |     3 |     3 ||     6
  Eat: Ration            |       |     1 ||     1
Armor: Skin              |     2 |       ||     2
Dodge: Dodged            |    14 |     8 ||    22
Block: Shield            |    14 |    14 ||    28
       Rpst.: Long sword |     4 |     3 ||     7
